TOP OF THE 1ST |
Mile High Broncos batting - Pitching for District 9 Prawns : RHP Silvio Fiermonte
|
Pitching: RHP Silvio Fiermonte
|
|
Batting: SHB Ben Marks
|
0-0: Foul Ball, location: 2F 0-1: Fly out, F9 (Flyball, 9S)
|
Batting: SHB Michael Field
|
0-0: Called Strike 0-1: Fly out, F9 (Flyball, 9LMF)
|
Batting: RHB Rodney González
|
0-0: Ground out 3-1 (Groundball, 34S)
|
Top of the 1st over - 0 runs, 0 hits, 0 errors, 0 left on base; Mile High 0 - District 9 0 |
BOTTOM OF THE 1ST |
District 9 Prawns batting - Pitching for Mile High Broncos : LHP Jason Dean
|
Pitching: LHP Jason Dean
|
|
Batting: SHB Júlio Macías
|
0-0: Ground out 5-3 (Groundball, 5)
|
Batting: SHB David Boyle
|
0-0: Called Strike 0-1: Swinging Strike 0-2: Ball 1-2: Ball 2-2: Ball 3-2: Foul Ball, location: 2F 3-2: Foul Ball, location: 2F 3-2: Foul Ball, location: 2F 3-2: Base on Balls
|
Batting: RHB José Colón
|
0-0: Ball 1-0: Ball 2-0: Called Strike 2-1: Ball David Boyle steals 2nd base 3-1: DOUBLE (Line Drive, 8LD) David Boyle scores
|
Batting: LHB Mike Davis
|
0-0: Swinging Strike 0-1: Ball 1-1: Foul Ball, location: 2F 1-2: Strikes out swinging
|
Batting: SHB Chris Barrett
|
0-0: Called Strike 0-1: Foul Ball, location: 2F 0-2: DOUBLE (Flyball, 89XD) José Colón scores
|
Batting: RHB Jimmy King
|
0-0: Called Strike 0-1: Ground out 1-3 (Groundball, 13S)
|
Bottom of the 1st over - 2 runs, 2 hits, 0 errors, 1 left on base; Mile High 0 - District 9 2 |
TOP OF THE 2ND |
Mile High Broncos batting - Pitching for District 9 Prawns : RHP Silvio Fiermonte
|
Batting: RHB António Martínez
|
0-0: Called Strike 0-1: Called Strike 0-2: Ball 1-2: Ball 2-2: Ball 3-2: Foul Ball, location: 2F 3-2: Foul Ball, location: 2F 3-2: SOLO HOME RUN (Flyball, 78XD), Distance : 411 ft
|
Batting: LHB Tony Báez
|
0-0: Ball 1-0: Foul Ball, location: 2F 1-1: Ball 2-1: Ball 3-1: Base on Balls
|
Batting: RHB Evan Robinson
|
0-0: Called Strike 0-1: Ball 1-1: Swinging Strike Tony Báez is caught stealing 2nd base 1-2: SOLO HOME RUN (Flyball, 78XD), Distance : 428 ft
|
Batting: RHB Tim Hanson
|
0-0: Swinging Strike 0-1: Ball 1-1: Ball 2-1: Ground out 5-3 (Groundball, 56S)
|
Batting: SHB Paco Martínez
|
0-0: Ball 1-0: SINGLE (Line Drive, 7S)
|
Batting: RHB Luis Ramos
|
0-0: Fly out, F8 (Flyball, 8RS)
|
Top of the 2nd over - 2 runs, 3 hits, 0 errors, 1 left on base; Mile High 2 - District 9 2 |
BOTTOM OF THE 2ND |
District 9 Prawns batting - Pitching for Mile High Broncos : LHP Jason Dean
|
Batting: RHB Edgardo Carrasco
|
0-0: Called Strike 0-1: Ball 1-1: Swinging Strike 1-2: Foul Ball, location: 2F 1-2: Strikes out swinging
|
Batting: LHB Manuel Cardenas
|
0-0: Ball 1-0: Ball 2-0: Swinging Strike 2-1: Ball 3-1: Base on Balls
|
Batting: RHB Bernardo Corona
|
0-0: Ball 1-0: Foul Ball, location: 2F 1-1: Ball 2-1: Foul Ball, location: 2F 2-2: Ball 3-2: Base on Balls Manuel Cardenas to second
|
Batting: SHB Júlio Macías
|
0-0: Ball 1-0: Foul Ball, location: 2F 1-1: Fly out, F7 (Flyball, 78S)
|
Batting: SHB David Boyle
|
0-0: Ball 1-0: Foul Ball, location: 2F 1-1: Ball 2-1: Fly out, F6 (Popup, 6)
|
Bottom of the 2nd over - 0 runs, 0 hits, 0 errors, 2 left on base; Mile High 2 - District 9 2 |
TOP OF THE 3RD |
Mile High Broncos batting - Pitching for District 9 Prawns : RHP Silvio Fiermonte
|
Batting: SHB Ben Marks
|
0-0: Ball 1-0: Called Strike 1-1: Ground out 1-3 (Groundball, 13)
|
Batting: SHB Michael Field
|
0-0: Foul Ball, location: 2F 0-1: Ground out 5-3 (Groundball, 2L)
|
Batting: RHB Rodney González
|
0-0: Called Strike 0-1: Swinging Strike 0-2: Ball 1-2: Ball 2-2: Ground out 4-3 (Groundball, 4M)
|
Top of the 3rd over - 0 runs, 0 hits, 0 errors, 0 left on base; Mile High 2 - District 9 2 |
BOTTOM OF THE 3RD |
District 9 Prawns batting - Pitching for Mile High Broncos : LHP Jason Dean
|
Batting: RHB José Colón
|
0-0: Called Strike 0-1: Fly out, F8 (Flyball, 78D)
|
Batting: LHB Mike Davis
|
0-0: Ball 1-0: Ball 2-0: Foul Ball, location: 2F 2-1: Ball 3-1: Foul Ball, location: 2F 3-2: Fly out, F9 (Flyball, 9LS)
|
Batting: SHB Chris Barrett
|
0-0: Fly out, F9 (Line Drive, 89M)
|
Bottom of the 3rd over - 0 runs, 0 hits, 0 errors, 0 left on base; Mile High 2 - District 9 2 |
TOP OF THE 4TH |
Mile High Broncos batting - Pitching for District 9 Prawns : RHP Silvio Fiermonte
|
Batting: RHB António Martínez
|
0-0: Ball 1-0: Fly out, F6 (Popup, 6MS)
|
Batting: LHB Tony Báez
|
0-0: Called Strike 0-1: Foul Ball, location: 2F 0-2: Strikes out swinging
|
Batting: RHB Evan Robinson
|
0-0: Ground out 6-3 (Groundball, 6)
|
Top of the 4th over - 0 runs, 0 hits, 0 errors, 0 left on base; Mile High 2 - District 9 2 |
BOTTOM OF THE 4TH |
District 9 Prawns batting - Pitching for Mile High Broncos : LHP Jason Dean
|
Batting: RHB Jimmy King
|
0-0: Called Strike 0-1: Swinging Strike 0-2: Foul Ball, location: 2F 0-2: Ball 1-2: Ball 2-2: Foul Ball, location: 2F 2-2: Fly out, F9 (Flyball, 89D)
|
Batting: RHB Edgardo Carrasco
|
0-0: Called Strike 0-1: Ball 1-1: Ball 2-1: Ground out 5-3 (Groundball, 56)
|
Batting: LHB Manuel Cardenas
|
0-0: Ball 1-0: Ball 2-0: Ground out 3-1 (Groundball, 34S)
|
Bottom of the 4th over - 0 runs, 0 hits, 0 errors, 0 left on base; Mile High 2 - District 9 2 |
TOP OF THE 5TH |
Mile High Broncos batting - Pitching for District 9 Prawns : RHP Silvio Fiermonte
|
Batting: RHB Tim Hanson
|
0-0: Ball 1-0: DOUBLE (Line Drive, 78D)
|
Batting: SHB Paco Martínez
|
0-0: Called Strike 0-1: Ground out 5-3 (Groundball, 56)
|
Batting: RHB Luis Ramos
|
0-0: Swinging Strike 0-1: Ball 1-1: Foul Ball, location: 2F 1-2: Ground out U3 (Groundball, 34S) Tim Hanson to third
|
Batting: SHB Ben Marks
|
0-0: Called Strike 0-1: Ball 1-1: Foul Ball, location: 2F 1-2: Foul Ball, location: 2F 1-2: Ball 2-2: SINGLE (Flyball, 9LS) Tim Hanson scores
|
Batting: SHB Michael Field
|
0-0: Ball 1-0: Foul Ball, location: 2F 1-1: Fly out, F8 (Flyball, 8RS)
|
Top of the 5th over - 1 run, 2 hits, 0 errors, 1 left on base; Mile High 3 - District 9 2 |
BOTTOM OF THE 5TH |
District 9 Prawns batting - Pitching for Mile High Broncos : LHP Jason Dean
|
Batting: RHB Bernardo Corona
|
0-0: Ball 1-0: Foul Ball, location: 2F 1-1: Ball 2-1: SINGLE (Groundball, 56D)
|
Batting: SHB Júlio Macías
|
0-0: Called Strike 0-1: Ball 1-1: Foul Ball, location: 2F 1-2: Ball 2-2: Ball Bernardo Corona steals 2nd base 3-2: Base on Balls
|
Batting: SHB David Boyle
|
0-0: Ball Bernardo Corona steals 3rd base Júlio Macías to second 1-0: Ball 2-0: Ball 3-0: Base on Balls
|
Batting: RHB José Colón
|
0-0: Ball 1-0: Foul Ball, location: 2F 1-1: Called Strike 1-2: Ball 2-2: Ball 3-2: Fly out, F8 (Flyball, 8RM) Runner from 3rd tags up, SCORES, throw made
|
Batting: LHB Mike Davis
|
0-0: Ball 1-0: Fly out, F7 (Flyball, 7)
|
Batting: SHB Chris Barrett
|
0-0: Ball 1-0: Called Strike 1-1: Called Strike 1-2: Strikes out swinging
|
Bottom of the 5th over - 1 run, 1 hit, 0 errors, 2 left on base; Mile High 3 - District 9 3 |
TOP OF THE 6TH |
Mile High Broncos batting - Pitching for District 9 Prawns : RHP Silvio Fiermonte
|
Batting: RHB Rodney González
|
0-0: Called Strike 0-1: Swinging Strike 0-2: Foul Ball, location: 2F 0-2: SOLO HOME RUN (Flyball, 7D), Distance : 398 ft
|
Batting: RHB António Martínez
|
0-0: Swinging Strike 0-1: Ball 1-1: Ball 2-1: Called Strike 2-2: SINGLE (Groundball, 34S) (infield hit)
|
Batting: LHB Tony Báez
|
0-0: Fly out, F2 (Popup, 2LF)
|
Batting: RHB Evan Robinson
|
0-0: Ball 1-0: Ball 2-0: Ball 3-0: Called Strike 3-1: Grounds into double play, 5-4-3 (Groundball, 56)
|
Top of the 6th over - 1 run, 2 hits, 0 errors, 0 left on base; Mile High 4 - District 9 3 |
BOTTOM OF THE 6TH |
District 9 Prawns batting - Pitching for Mile High Broncos : LHP Jason Dean
|
Batting: RHB Jimmy King
|
0-0: Called Strike 0-1: Fly out, F3 (Popup, 3L)
|
Batting: RHB Edgardo Carrasco
|
0-0: Ball 1-0: Foul Ball, location: 2F 1-1: Fly out, F9 (Flyball, 89S)
|
Batting: LHB Manuel Cardenas
|
0-0: Ball 1-0: Ground out 4-3 (Groundball, 4)
|
Bottom of the 6th over - 0 runs, 0 hits, 0 errors, 0 left on base; Mile High 4 - District 9 3 |
TOP OF THE 7TH |
Mile High Broncos batting - Pitching for District 9 Prawns : RHP Silvio Fiermonte
|
Batting: RHB Tim Hanson
|
0-0: Called Strike 0-1: Ball 1-1: Ball 2-1: Ground out 5-3 (Groundball, 5S)
|
Batting: SHB Paco Martínez
|
0-0: Called Strike 0-1: Ball 1-1: Ball 2-1: Foul Ball, location: 2F 2-2: Ball 3-2: Foul Ball, location: 2F 3-2: Base on Balls
|
Batting: RHB Luis Ramos
|
0-0: Ball 1-0: Foul Ball, location: 2F 1-1: Fly out, F9 (Line Drive, 9)
|
Batting: SHB Ben Marks
|
0-0: Swinging Strike 0-1: Ball 1-1: SINGLE (Flyball, 78S) Paco Martínez to second
|
Batting: SHB Michael Field
|
0-0: Ball 1-0: Fielders Choice at 2nd, 5-4 (Groundball, 56)
|
Top of the 7th over - 0 runs, 1 hit, 0 errors, 2 left on base; Mile High 4 - District 9 3 |
BOTTOM OF THE 7TH |
District 9 Prawns batting - Pitching for Mile High Broncos : LHP Jason Dean
|
Pitching: LHP Todd Anderson
|
|
Batting: RHB Bernardo Corona
|
0-0: Called Strike 0-1: Ball 1-1: Ball 2-1: Called Strike 2-2: Ball 3-2: Fly out, F7 (Flyball, 78M)
|
Batting: SHB Júlio Macías
|
0-0: Called Strike 0-1: Ground out 5-3 (Groundball, 56)
|
Batting: SHB David Boyle
|
0-0: Called Strike 0-1: Ball 1-1: Ball 2-1: Swinging Strike 2-2: Ball 3-2: Strikes out swinging
|
Bottom of the 7th over - 0 runs, 0 hits, 0 errors, 0 left on base; Mile High 4 - District 9 3 |
TOP OF THE 8TH |
Mile High Broncos batting - Pitching for District 9 Prawns : RHP Silvio Fiermonte
|
Batting: RHB Rodney González
|
0-0: Called Strike 0-1: SINGLE (Groundball, 56D)
|
Batting: RHB António Martínez
|
0-0: Foul Ball, location: 2F 0-1: Ball 1-1: Ball 2-1: Foul Ball, location: 2F 2-2: Foul Ball, location: 2F 2-2: Reached on error, E4 (Groundball, 4) Rodney González to second
|
Pitching: RHP Mike Stabler
|
|
Batting: LHB Tony Báez
|
0-0: Called Strike 0-1: Foul Ball, location: 2F 0-2: Ball 1-2: Strikes out swinging
|
Batting: RHB Evan Robinson
|
0-0: Ball 1-0: SINGLE (Groundball, 56D) Rodney González to third António Martínez to second Runner from 3rd tries for Home, SAFE, no throw
|
Batting: RHB Tim Hanson
|
0-0: Ball 1-0: Foul Ball, location: 2F 1-1: Ball 2-1: Ball 3-1: Foul Ball, location: 2F 3-2: Strikes out swinging
|
Batting: SHB Paco Martínez
|
0-0: Called Strike 0-1: Ball 1-1: Ball 2-1: Foul Ball, location: 2F 2-2: Foul Ball, location: 2F 2-2: Foul Ball, location: 2F 2-2: Ball 3-2: Strikes out swinging
|
Top of the 8th over - 1 run, 2 hits, 1 error, 2 left on base; Mile High 5 - District 9 3 |
BOTTOM OF THE 8TH |
District 9 Prawns batting - Pitching for Mile High Broncos : LHP Todd Anderson
|
Batting: RHB José Colón
|
0-0: Ball 1-0: Ball 2-0: Foul Ball, location: 2F 2-1: Ball 3-1: Called Strike 3-2: Base on Balls
|
Batting: LHB Mike Davis
|
0-0: Foul Ball, location: 2F 0-1: Fly out, F9 (Flyball, 9D)
|
Batting: SHB Chris Barrett
|
0-0: Called Strike 0-1: Ball 1-1: Foul Ball, location: 2F 1-2: Foul Ball, location: 2F 1-2: Strikes out swinging
|
Batting: RHB Jimmy King
|
0-0: Ball 1-0: Swinging Strike 1-1: Ball 2-1: Swinging Strike 2-2: Foul Ball, location: 2F 2-2: Ball 3-2: SINGLE (Groundball, 6MD) José Colón to second José Colón to third
|
Batting: RHB Edgardo Carrasco
|
0-0: Called Strike 0-1: Ground out 4-3 (Groundball, 4)
|
Bottom of the 8th over - 0 runs, 1 hit, 0 errors, 2 left on base; Mile High 5 - District 9 3 |
TOP OF THE 9TH |
Mile High Broncos batting - Pitching for District 9 Prawns : RHP Mike Stabler
|
Batting: RHB Luis Ramos
|
0-0: Ball 1-0: DOUBLE (Line Drive, 8LXD)
|
Batting: SHB Ben Marks
|
0-0: Ball 1-0: Foul Ball, location: 2F 1-1: Ground out 6-3 (Groundball, 6) Luis Ramos to third
|
Batting: SHB Michael Field
|
0-0: Ball 1-0: Ball 2-0: Ball 3-0: Base on Balls
|
Batting: RHB Rodney González
|
0-0: Called Strike 0-1: Foul Ball, location: 2F 0-2: Fly out, F4 (Line Drive, 4) Lined into DP, 4-3 (Line Drive, 4)
|
Top of the 9th over - 0 runs, 1 hit, 0 errors, 1 left on base; Mile High 5 - District 9 3 |
BOTTOM OF THE 9TH |
District 9 Prawns batting - Pitching for Mile High Broncos : LHP Todd Anderson
|
Batting: LHB Manuel Cardenas
|
0-0: Called Strike 0-1: Called Strike 0-2: Ball 1-2: Strikes out looking
|
Batting: RHB Bernardo Corona
|
0-0: Fly out, F9 (Flyball, 9S)
|
Batting: SHB Júlio Macías
|
0-0: Foul Ball, location: 2F 0-1: Called Strike 0-2: Ball 1-2: Fly out, F9 (Line Drive, 9)
|
Bottom of the 9th over - 0 runs, 0 hits, 0 errors, 0 left on base; Mile High 5 - District 9 3 |
|